 Dungeon Crawl Stone Soup version 0.28-a0-1199-gef9e1dbd39 (webtiles) character file.

Game seed: 150639075777746369

222 bearlyready the Slasher (level 5, 0/45 HPs)
             Began as a Minotaur Delver on Dec 20, 2021.
             Slain by a gnoll (2 damage)
             ... while paralysed by a gnoll
             ... on level 4 of the Dungeon.
             The game lasted 00:07:29 (3036 turns).

bearlyready the Slasher (Minotaur Delver)           Turns: 3036, Time: 00:07:30

Health: 0/45       AC:  7    Str: 19    XL:     5   Next: 66%
Magic:  4/4        EV:  2    Int:  7    God:
Gold:   83         SH:  0    Dex: 11    Spells: 4/4 levels left

rFire   . . .      SeeInvis .   a - +0 falchion
rCold   . . .      Faith    .   (no shield)
rNeg    . . .      Spirit   .   b - +0 leather armour
rPois   .          Reflect  +   (helmet restricted)
rElec   .          Harm     .   (no cloak)
rCorr   .          Rampage  .   (no gloves)
Will    .....                   (no boots)
Stlth   ++........              k - amulet of reflection
HPRegen 0.15/turn               q - +4 ring of protection
MPRegen 0.09/turn               (no ring)

@: paralysed
A: horns 2, retaliatory headbutt
a: no special abilities


You were on level 4 of the Dungeon.
You visited 1 branch of the dungeon, and saw 5 of its levels.

You collected 83 gold pieces.

Inventory:

Hand Weapons
 a - a +0 falchion (weapon)
Missiles
 i - 74 stones (quivered)
 s - 12 poisoned darts
Armour
 b - a +0 leather armour (worn)
Jewellery
 k - an amulet of reflection (around neck)
 q - a +4 ring of protection (left hand)
Wands
 g - a wand of digging (3)
Scrolls
 c - a scroll of fog
 d - a scroll of magic mapping
 e - a scroll of fear
 m - a scroll of noise {unknown}
 n - 4 scrolls of identify {unknown}
Potions
 f - 2 potions of haste
 h - a potion of flight {unknown}
 j - 3 potions of curing {unknown}
 l - 2 potions of berserk rage {unknown}
 o - a potion of mutation {unknown}
 p - a potion of degeneration {unknown}
 r - a potion of ambrosia {unknown}
 t - a potion of heal wounds {unknown}


   Skills:
 - Level 3.6 Fighting
 + Level 7.2 Long Blades
 - Level 2.1 Dodging
 - Level 4.1 Stealth


You had 4 spell levels left.
You didn't know any spells.
Your spell library contained the following spells:

 Spells                   Type           Power      Damage    Failure   Level
 Foxfire                  Conj/Fire      0%         2x1d4     50%         1
 Corpse Rot               Necr/Air       0%         N/A       63%         2
 Conjure Flame            Conj/Fire      0%         6-21      86%         3
 Inner Flame              Hex/Fire       0%         N/A       86%         3
 Dispel Undead            Necr           0%         3d6       99%         4
 Flame Wave               Conj/Fire      0%         2d4       99%         4
 Death Channel            Necr           0%         N/A       100%        6


Dungeon Overview and Level Annotations

Branches:
Dungeon (5/15)
 Temple: D:4-7

Altars:


Innate Abilities, Weirdness & Mutations

You have a pair of horns on your head.
You reflexively headbutt those who attack you in melee.


Message History

The gnoll is moderately wounded.
The gnoll hits you with a +0 flail!
You closely miss the gnoll.
The gnoll is moderately wounded.
The gnoll barely misses you.
You barely miss the gnoll.
The gnoll is moderately wounded.
The gnoll hits you with a +0 flail!
You slash the gnoll!
The gnoll is almost dead.
The gnoll misses you.
You hit the gnoll. Your headbutt misses the gnoll.
The gnoll is almost dead.
The gnoll hits you but does no damage.
You hit the gnoll but do no damage. Your headbutt misses the gnoll.
The gnoll is almost dead.
You block the gnoll's attack.
You hit the gnoll.
You kill the gnoll!
You closely miss the gnoll.
The gnoll zaps a wand.
You resist with some effort.
You hit the gnoll but do no damage. You block the gnoll's attack.
The gnoll hits you with a +1 flail of protection.
You hit the gnoll.
The gnoll is moderately wounded.
The gnoll barely misses you.
The gnoll hits you with a +1 flail of protection!
* * * LOW HITPOINT WARNING * * *
You barely miss the gnoll.
The gnoll is moderately wounded.
The gnoll hits you from afar with a +0 halberd.
* * * LOW HITPOINT WARNING * * *
The gnoll hits you with a +1 flail of protection.
* * * LOW HITPOINT WARNING * * *
The gnoll zaps a wand.
You suddenly lose the ability to move!
The gnoll hits you with a +1 flail of protection.
* * * LOW HITPOINT WARNING * * *
The gnoll hits you from afar with a +0 halberd.
* * * LOW HITPOINT WARNING * * *
The gnoll hits you with a +1 flail of protection.
You die...

#.# #.# #.# # #.# #.#
#.# #.# #.# #.# #.#
#.# #.#
#.######.#####.#
#####..............###
#.....######..........
##..#.#....###########
#..#@#....###########
#....gg...#..........
#..#.#....#.###†.....
#..#.#.####+###(.....
#..#.#.#.............
##..#.#)#.............
#...#.#.#.......####.#
#####.#.#.......# #.#
#.#.#...g...####.#


You could see 2 gnolls.

Vanquished Creatures
  A scorpion (D:4)
  A hound skeleton (D:4)
  3 gnolls (D:4)
  6 adders
  An adder zombie (D:3)
  A worm (D:4)
  2 dart slugs (D:2)
  3 orcs (D:3)
  9 endoplasms
  2 giant cockroaches (D:2)
  8 goblins
  5 hobgoblins
  2 jackals (D:2)
  3 ball pythons
  2 bats
  6 frilled lizards
  A kobold (D:3)
  2 rats
58 creatures vanquished.

Notes
Turn   | Place    | Note
-------+----------+-------------------------------------------
     0 | D:5      | bearlyready the Minotaur Delver began the quest for the
                  | Orb.
     0 | D:5      | Reached XP level 1. HP: 19/19 MP: 0/0
   105 | D:5      | Noticed a gnoll shaman
   118 | D:4      | Reached skill level 3 in Long Blades
   118 | D:4      | Reached XP level 2. HP: 20/26 MP: 1/1
   416 | D:1      | Noticed a naga
   856 | D:1      | Reached skill level 4 in Long Blades
   907 | D:1      | Noticed a draconian
   907 | D:1      | Noticed a tengu
   909 | D:1      | Noticed a vine stalker
   909 | D:1      | Noticed an ogre
   911 | D:1      | Noticed a felid
   913 | D:1      | Noticed a formicid
   913 | D:1      | Noticed a vampire
   915 | D:1      | Noticed a human
   915 | D:1      | Noticed a troll
   917 | D:1      | Noticed a demonspawn
   917 | D:1      | Noticed a gargoyle
   919 | D:1      | Noticed a minotaur
   921 | D:1      | Noticed a merfolk
   923 | D:1      | Noticed a demigod
   923 | D:1      | Noticed a spriggan
   925 | D:1      | Noticed a ghoul
   927 | D:1      | Noticed an octopode
   929 | D:1      | Noticed a dwarf
   929 | D:1      | Noticed an elf
  1114 | D:2      | Reached XP level 3. HP: 28/31 MP: 2/2
  1406 | D:2      | Reached skill level 5 in Long Blades
  1569 | D:2      | Found a faded altar of an unknown god.
  1682 | D:2      | Reached XP level 4. HP: 39/39 MP: 3/3
  2319 | D:3      | Noticed an ogre
  2392 | D:4      | Reached skill level 6 in Long Blades
  2407 | D:4      | Noticed a scorpion
  2416 | D:4      | Killed a scorpion
  2417 | D:4      | Reached XP level 5. HP: 38/45 MP: 4/4
  2689 | D:4      | Reached skill level 7 in Long Blades
  3005 | D:4      | Paralysed by a gnoll for 5 turns
  3033 | D:4      | Paralysed by a gnoll for 6 turns
  3036 | D:4      | HP: 2/45 [gnoll (6)]
  3036 | D:4      | Slain by a gnoll

Illustrated notes

Levels and vault maps discovered:
D:1:      kb_arrival_jail, layout_loops_ring, moated_statue
D:2:      layout_loops_ring, ebering_ecumenical_altar_abandoned
D:3:      layout_basic, minmay_fractal_squares_diagonal_5
D:4:      layout_basic, lightli_corner_chamber, uniq_sigmund, uniq_robin
D:5:      layout_layer_cave

Skill      XL: |  1  2  3  4  5 |
---------------+----------------+-----
Long Blades    | 3 4 5 6 7 |  7.2
Fighting       | |  3.6
Dodging        | |  2.1
Stealth        | |  4.1

Action                   |  1- 3 |  4- 6 || total
-------------------------+-------+-------++-------
Melee: Falchion          |    69 |    80 ||   149
       Headbutt          |    10 |    16 ||    26
 Stab: Sleeping          |    17 |     5 ||    22
Armor: Leather armour    |    16 |    17 ||    33
Dodge: Dodged            |    30 |    29 ||    59
Block: Other             |     2 |    13 ||    15
       Reflection        |       |     1 ||     1

Table legend: (Time is in decaauts)
 A = Elapsed time spent in this place.
 B = Non-inter-level travel time spent in this place.
 C = Inter-level travel time spent in this place.
 D = Time resting spent in this place.
 E = Time spent auto-exploring this place.
 F = Levels seen in this place.
 G = Mean time per level.
                   A        B        C        D        E       F      G
               +--------+--------+--------+--------+--------+-----+--------+
         Total |   3046 |   2978 |     68 |      0 |   2287 |   5 |  609.2 |
       Dungeon |   3046 |   2978 |     68 |      0 |   2287 |   5 |  609.2 |
               +--------+--------+--------+--------+--------+-----+--------+

Top non-repeatable levels by time:
     D:2: 969 daAuts
     D:1: 765 daAuts
     D:4: 615 daAuts
     D:3: 584 daAuts
     D:5: 113 daAuts
